 Dungeon Sprint DCSS version 0.29-a0-512-gf59ac788ac (webtiles) character file.

Game seed: 10389102322265314633

252 mhtbhm the Martial Artist (level 6, -1/43 HPs)
             Began as a Merfolk Transmuter on May 30, 2022.
             Was an Initiate of Gozag.
             Slain by a spriggan
             ... wielding a +0 short sword
              (16 damage)
             ... in the Dungeon (Sprint IV: "Fedhas' Mad Dash").
             The game lasted 00:02:07 (685 turns).

mhtbhm the Martial Artist (Merfolk Transmuter)       Turns: 685, Time: 00:02:07

Health: -1/43      AC:  2    Str: 10    XL:     6   Next: 14%
Magic:  9/13       EV: 15    Int: 14    God:    Gozag
Gold:   84         SH:  0    Dex: 15    Spells: 12/15 levels left

rFire   . . .      SeeInvis .     - Unarmed
rCold   . . .      Faith    .   (no shield)
rNeg    . . .      Spirit   .   a - +0 robe
rPois   .          Reflect  .   (no helmet)
rElec   .          Harm     .   (no cloak)
rCorr   .          Rampage  .   (no gloves)
Will    .....      NoTele   +   (no boots)
Stlth   +++.......              i - amulet of invisibility {+Inv}
HPRegen 0.14/turn               (no ring)
MPRegen 0.13/turn               (no ring)

@: very slightly contaminated
A: (nimble swimmer 2), mertail
a: Renounce Religion, Evoke Invisibility, Potion Petition, Call Merchant, Bribe
Branch


You were in the Dungeon.
You worshipped Gozag.
Gozag was noncommittal.
You visited 1 branch You collected 84 gold pieces.

Inventory:

Armour
 a - a +0 robe (worn)
Jewellery
 d - an amulet of reflection
 i - the amulet of invisibility (around neck) {+Inv}
   (You found it in the Dungeon)

   [amulet of nothing]

   +Inv:      It lets you turn invisible.
Scrolls
 h - a scroll of blinking
Potions
 b - a potion of lignification
 e - a potion of haste
 f - 2 potions of magic
 g - a potion of berserk rage


   Skills:
 + Level 1.2 Fighting
 + Level 6.1 Dodging
 + Level 3.7 Stealth
 + Level 8.9 Unarmed Combat
 + Level 5.1 Spellcasting
 + Level 7.3 Transmutations
 + Level 2.4 Evocations


You had 12 spell levels left.
You knew the following spells:

 Your Spells              Type           Power      Damage    Failure   Level
a - Beastly Appendage     Tmut           48%        N/A       1%          1
b - Wereblood             Tmut           24%        N/A       1%          2

Your spell library contained the following spells:

 Spells                   Type           Power      Damage    Failure   Level
 Spider Form              Tmut/Pois      13%        N/A       12%         3
 Ice Form                 Ice/Tmut       13%        N/A       36%         4
 Stone Arrow              Conj/Erth      6%         3d7       45%         3
 Animate Armour           Summ/Erth      6%         N/A       86%         4
 Lehudib's Crystal Spear  Conj/Erth      1%         10d2      100%        8


Dungeon Overview and Level Annotations

Branches:
Dungeon (1/1)

Altars:
Cheibriados
Dithmenos
Elyvilon
Gozag
Hepliaklqana
Kikubaaqudgha
Makhleb
Nemelex Xobeh
Okawaru
Qazlal
Ru
Sif Muna
Trog
Uskayaw
Vehumet
Wu Jian
Xom
Yredelemnul
Zin
The Shining One
Beogh
Jiyva
Lugonu


Innate Abilities, Weirdness & Mutations

((You are very nimble when in or above water. (Stealth+, EV+, Speed+++)))
Your lower body shifts to a powerful aquatic tail in water.


Message History

You flicker back into view.
Your primal bloodlust is almost over.
The scorpion misses you.
You hit the scorpion.
You punch the scorpion, but do no damage.
The scorpion is severely wounded.
You howl as the wereblood boils in your veins!
The scorpion closely misses you.
You barely miss the scorpion.
You headbutt the scorpion, but do no damage.
The scorpion is severely wounded.
You howl as the wereblood boils in your veins!
The scorpion closely misses you.
You hit the scorpion.
You feel a bit better.
You kill the scorpion!
You howl as the wereblood boils in your veins!
Your horns disappear.
Your Dodging skill increases to level 6!
Your Spellcasting skill increases to level 5!
Your Transmutations skill increases to level 7!
Your Evocations skill increases to level 2!
You have reached level 6!
The spriggan blocks your attack.
The spriggan hits you with a +0 short sword!
You hit the spriggan.
The spriggan is moderately wounded.
The spriggan misses you.
You miss the spriggan.
The spriggan is moderately wounded.
The spriggan hits you with a +0 short sword!
* * * LOW HITPOINT WARNING * * *
The spriggan blocks your attack.
The spriggan is moderately wounded.
The spriggan blocks your attack.
The spriggan is moderately wounded.
Your primal bloodlust has ended.
The spriggan closely misses you.
You feel better.
The spriggan hits you with a +0 short sword!
You die...
Your body crumbles into a pile of gold.

######################
#.⌠._._._._.⌠.#.@i$..#
'.._._._._._..'.$#$.$#
#..._._._._...#..# #+#
$ $$
#.._._._._._..#.)# $
#._._._._._.⌠.####
############### $ $


You could see a spriggan.

Vanquished Creatures
  2 scorpions (D)
  3 oklob saplings (D)
  A spriggan (D)
  A river rat (D)
  A rat (D)
8 creatures vanquished.

Notes
Turn   | Place    | Note
-------+----------+-------------------------------------------
     0 | D        | mhtbhm the Merfolk Transmuter began the quest for the Orb.
     0 | D        | Reached XP level 1. HP: 15/15 MP: 3/3
    19 | D        | Reached skill level 4 in Unarmed Combat
    19 | D        | Reached XP level 2. HP: 19/21 MP: 3/5
    53 | D        | Learned a level 2 spell: Wereblood
    56 | D        | Noticed an oklob sapling
    59 | D        | Killed an oklob sapling
    60 | D        | Reached skill level 5 in Unarmed Combat
    60 | D        | Reached XP level 3. HP: 26/26 MP: 2/7
    61 | D        | Noticed a scorpion
    61 | D        | Found the amulet of invisibility {+Inv}
    73 | D        | Killed a scorpion
    74 | D        | Reached skill level 5 in Dodging
    74 | D        | Reached skill level 1 in Stealth
    74 | D        | Reached skill level 7 in Unarmed Combat
    74 | D        | Reached skill level 5 in Transmutations
    74 | D        | Reached XP level 4. HP: 7/32 MP: 3/9
   540 | D        | Found an opulent altar of Gozag.
   540 | D        | Found a hazy altar of Hepliaklqana.
   540 | D        | Found a burning altar of Makhleb.
   540 | D        | Found a sparkling altar of Nemelex Xobeh.
   540 | D        | Found a snail-covered altar of Cheibriados.
   540 | D        | Found a sacrificial altar of Ru.
   540 | D        | Found a shimmering blue altar of Sif Muna.
   540 | D        | Found a shimmering altar of Xom.
   540 | D        | Found a basalt altar of Yredelemnul.
   541 | D        | Found a viscous altar of Jiyva.
   541 | D        | Found a bloodstained altar of Trog.
   541 | D        | Found an ornate altar of the Wu Jian Council.
   541 | D        | Noticed an oklob sapling priest
   542 | D        | Found an iron altar of Okawaru.
   542 | D        | Found a shadowy altar of Dithmenos.
   542 | D        | Found a glowing silver altar of Zin.
   543 | D        | Found an ancient bone altar of Kikubaaqudgha.
   543 | D        | Found a hide-covered altar of Uskayaw.
   544 | D        | Found a stormy altar of Qazlal.
   544 | D        | Found a white marble altar of Elyvilon.
   544 | D        | Found a glowing golden altar of the Shining One.
   545 | D        | Found a corrupted altar of Lugonu.
   545 | D        | Found a radiant altar of Vehumet.
   551 | D        | Became a worshipper of Gozag Ym Sagoz the Greedy
   599 | D        | Killed an oklob sapling priest
   600 | D        | Reached skill level 8 in Unarmed Combat
   600 | D        | Reached skill level 1 in Evocations
   600 | D        | Reached XP level 5. HP: 37/37 MP: 5/11
   680 | D        | Reached skill level 5 in Spellcasting
   680 | D        | Reached XP level 6. HP: 28/43 MP: 9/13
   685 | D        | Slain by a spriggan

Illustrated notes

Levels and vault maps discovered:
D:        dungeon_sprint_fedhas [sprint_temple]

Skill      XL: |  1  2  3  4  5 |
---------------+----------------+-----
Dodging        | 3 4 5 6 |  6.1
Unarmed Combat | 4 5 7 8 |  8.9
Transmutations | 3 4 5 7 |  7.3
Spellcasting   | 3 4 5 |  5.1
Stealth        | 1 2 3 |  3.7
Evocations     | 1 2 |  2.4
Fighting       | |  1.2

Action                   |  1- 3 |  4- 6 || total
-------------------------+-------+-------++-------
Melee: Unarmed           |    23 |    26 ||    49
       Headbutt          |     3 |     7 ||    10
       Punch             |       |     1 ||     1
 Cast: Beastly Appendage |     3 |     2 ||     5
       Wereblood         |     1 |     3 ||     4
 Abil: Evoke Invisibilit |       |     3 ||     3
  Use: Potion            |     1 |     1 ||     2
 Stab: Sleeping          |     1 |     1 ||     2
       Invisible         |       |     2 ||     2
Armor: Robe              |     2 |       ||     2
Dodge: Dodged            |    10 |    11 ||    21
Block: Other             |     2 |       ||     2

Table legend: (Time is in decaauts)
 A = Elapsed time spent in this place.
 B = Non-inter-level travel time spent in this place.
 C = Inter-level travel time spent in this place.
 D = Time resting spent in this place.
 E = Time spent auto-exploring this place.
 F = Levels seen in this place.
 G = Mean time per level.
                   A        B        C        D        E       F      G
               +--------+--------+--------+--------+--------+-----+--------+
         Total |    678 |    678 |      0 |    512 |      0 |   1 |  678.0 |
       Dungeon |    678 |    678 |      0 |    512 |      0 |   1 |  678.0 |
               +--------+--------+--------+--------+--------+-----+--------+

Top non-repeatable levels by time:
       D: 678 daAuts
